 Dungeon Crawl Stone Soup version 0.30.1-4-g462c640d31 (webtiles) character file.

Game seed: 6475908607962001194

1936 croobank the Trooper (level 8, -3/68 HPs)
             Began as a Black Draconian Hedge Wizard on Sept 6, 2023.
             Slain by a centaur (6 damage)
             ... on level 7 of the Dungeon.
             The game lasted 00:19:56 (5872 turns).

croobank the Trooper (Black Draconian Hedge Wizard) Turns: 5872, Time: 00:19:57

Health: -3/68      AC:  6    Str: 13    XL:     8   Next: 97%
Magic:  16/16      EV: 13    Int: 16    God:
Gold:   314        SH:  0    Dex: 11    Spells: 11/16 levels left

rFire   . . .        d - +1 dagger
rCold   + . .        (no shield)
rNeg    . . .        (body armour unavailable)
rPois   .            i - +0 hat
rElec   +            (no cloak)
rCorr   .            (no gloves)
SInv    .            (no boots)
Will    .....        (no amulet)
Stlth   +++          h - ring of protection from cold
HPRegen 0.31/turn    (no ring)
MPRegen 0.15/turn

%: no passive effects
@: no status effects
A: breathe lightning, AC +6, unfitting armour, electricity resistance,
cold-blooded, horns 1, high MP 1
a: Breathe Lightning


You were on level 7 of the Dungeon.
You visited 1 branch of the dungeon, and saw 7 of its levels.

You collected 314 gold pieces.

Inventory:

Hand Weapons
 a - the +8 whip of Caustic Watchfulness {vamp, rC+ Will++ Int-5 Dex+3}
   (You found it on level 3 of the Dungeon)

   Int:       It affects your intelligence (-5).
   Dex:       It affects your dexterity (+3).
   rC:        It protects you from cold.
   Will:      It greatly increases your willpower.
 b - a +0 sling
 d - a +1 dagger (weapon)
 e - a +0 flail
 f - a +4 trident
 g - a +0 trident
 m - a +2 heavy dire flail
 n - a +0 war axe of flaming
Missiles
 q - 4 poisoned darts
 r - 4 silver javelins (quivered)
 s - a throwing net
Armour
 i - a +0 hat (worn)
 p - a +0 buckler
Jewellery
 h - a ring of protection from cold (left hand)
 k - an amulet of guardian spirit
Wands
 j - a wand of flame (24)
 o - a wand of paralysis (2)
Scrolls
 c - a scroll of amnesia


   Skills:
 * Level 5.2 Fighting
 + Level 4.3 Dodging
 + Level 4.6 Stealth
 + Level 4.9 Spellcasting
 + Level 4.2 Conjurations
 + Level 4.1 Summonings
 + Level 4.2 Translocations


You had 11 spell levels left.
You knew the following spells:

 Your Spells              Type           Power      Damage    Failure   Level
a - Magic Dart            Conj           68%        1d6       2%          1
b - Blink                 Tloc           34%        N/A       4%          2
c - Call Imp              Summ           34%        N/A       4%          2

Your spell library contained the following spells:

 Spells                   Type           Power      Damage    Failure   Level
 Lesser Beckoning         Tloc           34%        N/A       4%          2
 Gell's Gravitas          Tloc           17%        N/A       8%          3
 Teleport Other           Tloc           17%        N/A       8%          3
 Slow                     Hex            12%        N/A       16%         1
 Dazzling Flash           Conj/Hex       20%        N/A       19%         3
 Cigotuvi's Dreadful Rot  Necr/Pois/Air  6%         N/A       24%         2
 Mephitic Cloud           Conj/Pois/Air  8%         N/A       26%         3
 Agony                    Necr           3%         N/A       99%         5
 Silence                  Hex/Air        1%         N/A       99%         5


Dungeon Overview and Level Annotations

Branches:
Dungeon (7/15)             Temple (0/1) D:6

Altars:
Nemelex Xobeh

Shops:
D:1 (   D:2 ?


Innate Abilities, Weirdness & Mutations

You can breathe wild blasts of lightning.
Your glossy black scales are hard. (AC +6)
You cannot fit into any form of body armour.
You are resistant to electric shocks. (rElec)
You are cold-blooded and may be slowed by cold attacks.
You have a pair of small horns on your head.
You have an increased reservoir of magic. (+10% MP)


Message History

You feel sick.
The orc hits you from afar with a +0 trident.
* * * LOW HITPOINT WARNING * * *
The scorpion barely misses you.
The orc hits you from afar with a +0 trident.
* * * LOW HITPOINT WARNING * * *
You whack the scorpion!
You feel better.
You kill the scorpion!
You feel sick.
You are no longer poisoned.
The orc barely misses you.
You aren't carrying any potions.
Unknown command.
There is a stone staircase leading down here.
The orc hits you from afar with a +0 trident.
* * * LOW HITPOINT WARNING * * *
You climb downwards.
Found a potion of curing.
Found an escape hatch in the floor.
There is a stone staircase leading up here.
Okay, then.
Okay, then.
You aren't carrying any potions.
You feel the dreadful sensation subside.
d - a +1 dagger (weapon)
The helpless steam dragon fails to defend itself.
You puncture the steam dragon!
The steam dragon is moderately wounded.
The steam dragon barely misses you. The steam dragon closely misses you.
As you read the scroll labelled BARRAD ZIZ, it crumbles to dust.
The creatures around you are filled with an inner flame!
It was a scroll of immolation.
The steam dragon breathes steam at you. The ball of steam hits you!
* * * LOW HITPOINT WARNING * * *
You hear a shout! x6
The steam dragon attacks as you move away!
The steam dragon closely misses you. x2; The centaur hits you.
* * * LOW HITPOINT WARNING * * *
The centaur barely misses you. The centaur hits you.
You die...

.# ## .. .. .
#. .. ... .
.###g ...
#.>.#..#..
###.#.#.#.#
...§.....
#.#.#.#§#.#.##
#.....!.D....#
...#.#@#.#.##
#.......c....#
#...#.#.#.#.##
#. ..........#
### #.#.#.##
#....## ###..


You could see a steam dragon (inner flame) and a centaur (inner flame).

Vanquished Creatures
  Edmund (D:4)
  A sky beast (D:6)
  4 black bears
  2 centaurs (D:5)
  2 ogres
  A kobold brigand (D:5)
  2 scorpions
  2 gnoll sergeants
  3 hounds
  A jelly (D:4)
  An orc priest (D:3)
  A sleepcap (D:5)
  Jessica (D:2)
  Ijyb (D:4)
  4 iguanas
  Natasha (thrice) (D:3)
  An orc wizard (D:5)
  16 gnolls
  4 adders
  A white imp (D:5)
  2 ufetubi
  3 worms
  5 dart slugs
  9 orcs
  4 ball pythons
  5 bats (D:1)
  7 endoplasms
  4 giant cockroaches
  4 goblins
  3 hobgoblins
  4 quokkas
  4 frilled lizards
  10 kobolds
  2 rats (D:1)
118 creatures vanquished.

Vanquished Creatures (collateral kills)
  A worm (D:4)
1 creature vanquished.

Grand Total: 119 creatures vanquished

Notes
Turn   | Place    | Note
-------+----------+-------------------------------------------
     0 | D:1      | croobank the Draconian Hedge Wizard began the quest for the
                  | Orb.
     0 | D:1      | Reached XP level 1. HP: 14/14 MP: 4/4
   230 | D:1      | Reached XP level 2. HP: 20/20 MP: 0/6
   286 | D:1      | Learned a level 2 spell: Blink
   658 | D:1      | Found Edom's Weapon Shop.
   688 | D:1      | Found a faded altar of an unknown god.
   961 | D:2      | Noticed Jessica
   961 | D:2      | Found a sparkling altar of Nemelex Xobeh.
   976 | D:2      | Killed Jessica
   977 | D:2      | Reached XP level 3. HP: 7/26 MP: 1/7
  1654 | D:2      | Reached XP level 4. HP: 24/33 MP: 9/9
  1750 | D:2      | Found Atticug's Magic Scroll Shop.
  2134 | D:3      | Identified the +8 whip of Caustic Watchfulness {vamp, rC+
                  | Will++ Int-5 Dex+3}
  2145 | D:3      | Noticed Natasha
  2154 | D:3      | Killed Natasha
  2563 | D:3      | Gained mutation: You have an increased reservoir of magic.
                  | (+10% MP) [potion of mutation]
  2563 | D:3      | Gained mutation: You have a pair of small horns on your
                  | head. [potion of mutation]
  2572 | D:3      | Reached XP level 5. HP: 16/38 MP: 11/11
  2667 | D:3      | Noticed Natasha
  2675 | D:3      | Killed Natasha
  2735 | D:3      | Noticed a black bear
  2743 | D:3      | Killed a black bear
  2744 | D:3      | Reached XP level 6. HP: 30/45 MP: 12/12
  3028 | D:3      | Noticed Natasha
  3035 | D:3      | Killed Natasha
  3205 | D:4      | Learned a level 2 spell: Call Imp
  3378 | D:4      | Reached skill level 1 in Fighting
  3631 | D:4      | Your scales start taking on a glossy black colour.
  3631 | D:4      | Reached XP level 7. HP: 25/53 MP: 14/14
  3631 | D:4      | Gained mutation: You are resistant to electric shocks.
                  | (rElec) [Black Draconian growth]
  3764 | D:4      | Noticed Edmund
  3768 | D:4      | Reached skill level 2 in Fighting
  3793 | D:4      | Killed Edmund
  3964 | D:4      | Noticed Ijyb
  3978 | D:4      | Killed Ijyb
  4273 | D:5      | Entered Level 5 of the Dungeon
  4343 | D:5      | Reached skill level 3 in Fighting
  4656 | D:5      | Reached XP level 8. HP: 51/63 MP: 16/16
  4938 | D:5      | Reached skill level 4 in Fighting
  5508 | D:6      | Found a staircase to the Ecumenical Temple.
  5549 | D:6      | Reached skill level 5 in Fighting
  5872 | D:7      | HP: 3/68 [centaur (2)]
  5872 | D:7      | Slain by a centaur

Illustrated notes

Levels and vault maps discovered:
D:1:      lemuel_arrival_broad_hall, layout_loops_cross, serial_shops,
          nicolae_shop_just_a_little_nook, hellmonk_ecumenical_altar_lost_god
D:2:      layout_loops_cross, basic_altar, serial_shops, nicolae_shop_crystal,
          uniq_jessica
D:3:      layout_loops_corners, dreamdust_wishing_well, minmay_misc_feat_rows,
          chequers_serial_rivers_micro_d, saegor_snake_ambush, uniq_natasha
D:4:      layout_loops_ring, uniq_edmund, uniq_ijyb
D:5:      layout_loops_ring
D:6:      layout_basic, mainiacjoe_overflow_surrounded_room,
          minmay_temple_entry_ruins, minmay_lizard_king, uniq_maggie
D:7:      layout_cave_pools, mainiacjoe_overflow_catwalk_spiral, st_stairs_9,
          kennysheep_another_room, kennysheep_pointless_box

Skill      XL: |  1  2  3  4  5  6  7  8 |
---------------+-------------------------+-----
Dodging        | 2 3 4 |  4.3
Stealth        | 2 3 4 |  4.6
Summonings     | 2 3 4 |  4.1
Translocations | 2 3 4 |  4.2
Conjurations   | 2 3 4 |  4.2
Fighting       | 1 3 5 |  5.2
Spellcasting   | 4 |  4.9

Action                     |  1- 3 |  4- 6 |  7- 9 || total
---------------------------+-------+-------+-------++-------
  Melee: Dagger            |    40 |    15 |    27 ||    82
         Tailslap          |     8 |    11 |    28 ||    47
         Whip              |       |    81 |   172 ||   253
         Headbutt          |       |    14 |    43 ||    57
         Punch             |       |     2 |     2 ||     4
   Fire: Sling             |     8 |    31 |       ||    39
  Throw: Dart              |       |     6 |     6 ||    12
         Javelin           |       |       |    11 ||    11
   Cast: Magic Dart        |    53 |       |     7 ||    60
         Blink             |     1 |       |       ||     1
         Call Imp          |       |     3 |     7 ||    10
Ability: Breathe Lightning |       |       |     5 ||     5
  Evoke: Wand              |       |       |     4 ||     4
    Use: Potion            |     3 |     2 |     3 ||     8
         Scroll            |     7 |       |     2 ||     9
   Stab: Sleeping          |     6 |     2 |     1 ||     9
         Paralysed         |       |       |     6 ||     6
 Armour: Skin              |    19 |    20 |    85 ||   124
  Dodge: Dodged            |    37 |    52 |   212 ||   301
